 Dungeon Crawl Stone Soup version 0.28.0-45-g0d030f2227 (webtiles) character file.

Game seed: 827205491106042969

100 Descartes the Chopper (level 5, -6/38 HPs)
             Began as a Formicid Warper on Apr 9, 2022.
             Mangled by Sigmund
             ... wielding a +0 scythe
              (8 damage)
             ... on level 2 of the Dungeon.
             The game lasted 00:03:49 (3046 turns).

Descartes the Chopper (Formicid Warper)             Turns: 3046, Time: 00:03:49

Health: -6/38      AC: 13    Str: 18    XL:     5   Next: 3%
Magic:  8/8        EV:  5    Int: 12    God:
Gold:   113        SH:  0    Dex: 10    Spells: 3/8 levels left

rFire   . . .      SeeInvis +   a - +0 hand axe
rCold   . . .      Faith    .   (no shield)
rNeg    . . .      Spirit   .   f - +2 plate armour {Will+}
rPois   .          Reflect  .   (helmet unavailable)
rElec   .          Harm     .   (no cloak)
rCorr   .          Rampage  .   (no gloves)
Will    +....                   (no boots)
Stlth   ..........              (no amulet)
HPRegen 0.12/turn               (no ring)
MPRegen 0.11/turn               (no ring)

@: no status effects
A: permanent stasis, dig shafts and tunnels, antennae 3, four strong arms
a: Dig, Shaft Self


You were on level 2 of the Dungeon.
You visited 1 branch of the dungeon, and saw 3 of its levels.

You collected 113 gold pieces.

Inventory:

Hand Weapons
 a - a +0 hand axe (weapon)
Missiles
 c - 5 boomerangs of dispersal (quivered)
 m - 73 stones
Armour
 b - a +0 leather armour
 f - a +2 plate armour of willpower (worn)
Scrolls
 d - a scroll of summoning {unknown}
 g - a scroll of identify {unknown}
 i - 3 scrolls of vulnerability {unknown}
 j - a scroll of fog {unknown}
 l - a scroll of enchant armour {unknown}
Potions
 e - a potion of haste
 h - a potion of flight {unknown}
 k - a potion of heal wounds
 n - a potion of degeneration {unknown}


   Skills:
 - Level 2.1 Fighting
 * Level 3.7 Axes
 - Level 1.0 Throwing
 + Level 2.4 Armour
 - Level 1.7 Dodging
 - Level 2.1 Spellcasting
 + Level 3.3 Translocations


You had 3 spell levels left.
You knew the following spells:

 Your Spells              Type           Power      Damage    Failure   Level
a - Manifold Assault      Tloc           9%         N/A       100%        5

Your spell library contained the following spells:

 Spells                   Type           Power      Damage    Failure   Level
 Beastly Appendage        Tmut           2%         N/A       100%        1
 Wereblood                Tmut           1%         N/A       100%        2
 Gell's Gravitas          Tloc           9%         N/A       100%        3
 Lesser Beckoning         Tloc           9%         N/A       100%        3
 Spider Form              Tmut/Pois      1%         N/A       100%        3
 Teleport Other           Tloc           9%         N/A       100%        3
 Blink                    Tloc           Unusable   N/A       N/A         2

Dungeon Overview and Level Annotations

Branches:
Dungeon (3/15)

Altars:

Annotations:
D:2 Sigmund


Innate Abilities, Weirdness & Mutations

You cannot be hasted, slowed, berserked, paralysed or teleported.
You can dig through walls and to a lower floor.
You have a pair of large antennae on your head. (SInv)
Your four strong arms can wield two-handed weapons with a shield.


Message History

Sigmund is severely wounded.
Sigmund drinks a potion.
Sigmund seems to speed up.
You hit Sigmund but do no damage.
Sigmund is severely wounded.
Sigmund hits you with a +0 scythe!
* * * LOW HITPOINT WARNING * * *
You closely miss Sigmund.
Sigmund is severely wounded.
Sigmund points at you and mumbles some strange words.
The magic dart hits you but does no damage.
Sigmund barely misses you.
You barely miss Sigmund.
Sigmund is severely wounded.
Sigmund hits you but does no damage.
You hit Sigmund.
Sigmund is severely wounded.
Sigmund gestures at you while chanting. The puff of flame hits you.
* * * LOW HITPOINT WARNING * * *
You hit Sigmund.
Sigmund is almost dead.
Sigmund barely misses you.
You closely miss Sigmund.
Sigmund is almost dead.
Sigmund gestures at you while chanting. You resist with almost no effort.
Sigmund casts a spell at you. The magic dart hits you.
* * * LOW HITPOINT WARNING * * *
You hit Sigmund but do no damage.
Sigmund is almost dead.
Sigmund barely misses you.
You barely miss Sigmund.
Sigmund is almost dead.
Sigmund hits you with a +0 scythe.
* * * LOW HITPOINT WARNING * * *
You closely miss Sigmund.
Sigmund is almost dead.
Sigmund hits you with a +0 scythe!
You die...

#.........#.#...
#...............
#....).#########
#.......#.P.#P#.
#.).....#.#.#P#.
######@......PPP....P
#............#.#.#P#.
##.###.......#.P.#_#.
#..@@g......#.#.#P#.
##########..P..P...P
#......#.#.#P#.
#.##...#.P.#.#.
#..#########
#...........
#.#.###..##.
#.#.#....)..
#......#####


You could see Sigmund (fast, invisible) and a hobgoblin.

Vanquished Creatures
  3 gnolls (D:2)
  2 adders (D:2)
  A dart slug (D:2)
  2 ball pythons
  6 endoplasms
  A giant cockroach (D:2)
  4 goblins
  5 hobgoblins (D:1)
  2 jackals (D:1)
  5 quokkas
  5 bats
  6 kobolds
  5 rats
47 creatures vanquished.

Vanquished Creatures (others)
  A plant (D:2)
1 creature vanquished.

Grand Total: 48 creatures vanquished

Notes
Turn   | Place    | Note
-------+----------+-------------------------------------------
     0 | D:1      | Descartes the Formicid Warper began the quest for the Orb.
     0 | D:1      | Reached XP level 1. HP: 16/16 MP: 3/3
   333 | D:1      | Reached XP level 2. HP: 14/22 MP: 5/5
  1124 | D:1      | Reached XP level 3. HP: 27/27 MP: 6/6
  1655 | D:2      | Reached XP level 4. HP: 33/33 MP: 7/7
  2064 | D:2      | Found a faded altar of an unknown god.
  2771 | D:2      | Reached XP level 5. HP: 30/38 MP: 8/8
  2990 | D:2      | Learned a level 5 spell: Manifold Assault
  2996 | D:2      | Noticed Sigmund
  3046 | D:2      | Mangled by Sigmund

Illustrated notes

Levels and vault maps discovered:
D:1:      minmay_arrival_widening_spiral_wide, layout_rooms
D:2:      cheibrodos_old_hovel, layout_basic,
          shapermc_ecumenical_altar_mp_urbaneastern, minmay_split_cup_large,
          uniq_sigmund
D:3:      layout_basic, mainiacjoe_overflow_tiny_flanked, grunt_ministairs_5,
          columned_hall_lemuel, minmay_fractal_squares_diagonal_5

Skill      XL: |  1  2  3 |
---------------+----------+-----
Translocations | 3 |  3.3
Axes           | 3 |  3.7
Armour         | 2 |  2.4
Fighting       | |  2.1
Throwing       | |  1.0
Dodging        | |  1.7
Spellcasting   | |  2.1

Action                   |  1- 3 |  4- 6 || total
-------------------------+-------+-------++-------
Melee: Hand axe          |   142 |    98 ||   240
       Punch             |     1 |     1 ||     2
  Use: Potion            |       |     1 ||     1
Armor: Plate armour      |   113 |    71 ||   184
       Leather armour    |     4 |       ||     4
Dodge: Dodged            |    39 |    47 ||    86
